Map: Ruins of Seras

Players

Qualia

  • Race: Terran Terran
  • League: Master

Sacrilege - Winner!

  • Race: Zerg Zerg
  • League: Master

VOD

Have the link to the VOD?

Description

Time

  • Played on: March 7, 2016, 12:12 a.m.
  • Length: 17:46
Show
View Real Time Build Order
Export as new Build Order

Qualia Terran 

Build Orders: Command Center First (CC), MMM Bio 

Get SALT Encoding   

  12  0:01  SCV  
  13  0:13  SCV  
  14  0:18  Supply Depot  
  14  0:25  SCV  
  15  0:40  SCV  
  16  0:52  SCV  
  17  1:03  Command Center  
  17  1:14  Barracks  
  17  1:17  SCV  
  18  1:23  Refinery  
  18  1:30  SCV  
  19  1:43  SCV  
  20  1:55  SCV  
  21  2:03  Marine  
  21  2:07  SCV  
  23  2:11  Bunker  
  23  2:19  Orbital Command  
  23  2:25  Orbital Command  
  23  2:26  Marine  
  24  2:31  Factory  
  24  2:47  SCV  
  24  2:51  Barracks Reactor  
  25  2:52  SCV  
  26  2:59  SCV  
  26  3:04  SCV  
  28  3:07  Barracks  
  28  3:08  Barracks  
  28  3:11  SCV  
  29  3:14  Refinery  
  29  3:16  SCV  
  30  3:23  SCV, Supply Depot  
  31  3:28  SCV, Supply Depot  
  32  3:35  Barracks Tech Lab, SCV  
  32  3:40  Hellion x2, SCV  
  38  3:47  Supply Depot  
  38  3:49  SCV, Supply Depot  
  38  3:53  SCV  
  38  3:54  Stimpack  
  38  3:55  Marine, Barracks Reactor x2  
  40  4:01  SCV  
  42  4:06  Supply Depot  
  42  4:07  SCV  
  43  4:14  SCV  
  48  4:17  Hellion x2  
  48  4:19  SCV  
  49  4:26  SCV  
  49  4:27  Starport  
  49  4:31  SCV  
  51  4:35  Supply Depot  
  51  4:38  SCV  
  56  4:42  Marine x3  
  56  4:43  Marine x2  
  57  4:47  SCV  
  57  4:50  SCV  
  59  4:57  Supply Depot  
  59  4:59  SCV  
  60  5:00  Marine x3  
  60  5:01  Armory  
  60  5:02  Factory Reactor  
  63  5:07  Marine x2  
  63  5:09  Supply Depot  
  65  5:18  Marine x3  
  65  5:21  Medivac x2  
  72  5:25  Marine  
  72  5:26  Supply Depot  
  73  5:30  Supply Depot  
  73  5:32  Marine  
  74  5:36  Marine x2  
  74  5:41  Hellion  
  74  5:42  Hellion, SCV x2  
  82  5:45  Supply Depot x2  
  82  5:46  Marine x2  
  84  5:50  Marine  
  84  5:54  SCV  
  84  5:55  Combat Shields  
  86  5:59  Marine x2  
  86  6:00  Medivac  
  90  6:04  Marine x2  
  90  6:06  Hellion x2  
  90  6:08  Marauder  
  98  6:17  Marine  
  79  6:27  Hellion  
  79  6:28  Marine x3  
  79  6:29  SCV x2, Marine  
  87  6:35  Medivac, Marine  
  90  6:41  Medivac  
  90  6:42  Command Center, SCV  
  90  6:44  SCV  
  90  6:46  Marine x3  
  97  6:47  Refinery  
  97  6:49  Marine  
  97  6:52  Marine  
  99  7:04  Marine x3  
  99  7:06  Marine  
  103  7:10  Marine  
  102  7:18  Medivac x2  
  102  7:20  SCV x2  
  102  7:21  Marine x2  
  102  7:22  Marine  
  110  7:24  Marine  
  110  7:28  Marine  
  112  7:42  Marine x3  
  112  7:43  Marine  
  98  7:46  Marine  
  98  7:48  Medivac x2  
  89  7:59  SCV x2  
  89  8:00  Marine x4  
  89  8:03  Engineering Bay x2, Widow Mine x2  
  89  8:04  Concussive Shells, Marine  
  96  8:05  Barracks  
  96  8:06  Orbital Command  
  96  8:07  Barracks  
  96  8:09  Barracks  
  96  8:10  Barracks  
  96  8:11  SCV  
  97  8:15  SCV  
  97  8:18  Marine x4  
  102  8:21  Barracks, Marine  
  102  8:24  Barracks  
  102  8:26  SCV  
  104  8:31  Terran Infantry Weapons Level 1  
  104  8:32  Terran Infantry Armor Level 1  
  104  8:36  Marine x4  
  104  8:38  Refinery  
  104  8:39  Marine  
  109  8:43  Missile Turret  
  109  8:47  Missile Turret x2  
  109  8:53  Widow Mine x2  
  109  8:54  Marine x2  
  109  8:55  Barracks Reactor x2  
  116  8:56  Missile Turret  
  116  8:57  Barracks Tech Lab  
  116  8:58  Barracks Tech Lab  
  116  9:00  SCV x2  
  116  9:01  Marine  
  118  9:03  Marine  
  118  9:06  Marine  
  120  9:10  Marine x2  
  120  9:11  Marine x2  
  120  9:13  Liberator  
  120  9:16  Marine x2  
  126  9:19  Marine  
  126  9:21  Marine  
  126  9:23  Marine  
  128  9:28  Marine x2, Widow Mine x2  
  128  9:29  Marine x2  
  139  9:34  Marine x2  
  141  9:52  Supply Depot x2  
  141  9:53  Supply Depot x2  
  141  9:56  Liberator  
  141  10:02  Barracks Tech Lab  
  141  10:05  Barracks Reactor  
  141  10:09  Supply Depot  
  141  10:13  Widow Mine x2, Marine x7, Marauder  
  157  10:14  Marine x3  
  157  10:19  Liberator  
  160  10:32  Marauder  
  160  10:35  Marine x4  
  157  10:36  Marine x3  
  157  10:37  Marine x3  
  157  10:38  Marine  
  157  10:39  Liberator  
  157  10:41  Marine x2  
  173  10:53  Marine x6  
  173  10:54  Marine  
  174  11:02  Liberator  
  174  11:03  Marine x4  
  174  11:04  Widow Mine x2, Marine x3  
  166  11:11  Marine x6  
  176  11:27  Marine  
  171  11:33  Widow Mine  
  171  11:37  Marine  
  171  11:38  Marine x7  
  171  11:39  Marine x5  
  172  11:45  Marine  
  164  11:55  Marine x3  
  164  11:56  Marine x7  
  164  11:57  Marine x3  
  167  12:03  Marine  
  167  12:06  Medivac  
  146  12:13  Marine x4  
  146  12:14  Marine x5  
  146  12:15  Marine x4  
  148  12:16  Medivac  
  148  12:19  Liberator  
  148  12:20  Marine  
  153  12:26  Terran Infantry Weapons Level 2  
  153  12:29  Liberator  
  152  12:31  Marine x2  
  157  12:49  Marine  
  152  13:02  Liberator  
  131  13:06  Marine x12  
  131  13:07  Marine  
  131  13:10  Widow Mine, Marauder  
  131  13:12  Liberator, Widow Mine  
  153  13:25  Orbital Command  
  153  13:30  Marine x2  
  153  13:31  Marine  
  153  13:32  Marine  
  153  13:33  Marine x2  
  162  13:37  Marine  
  162  13:40  Marine x3  
  166  13:45  Liberator  
  125  13:57  Marine x8  
  125  13:58  Marine  
  125  14:02  Marine x5  
  113  14:12  Medivac  
  113  14:14  Marine x2  
  113  14:15  Marine  
  118  14:28  Marine x5  
  118  14:29  Marine x3  
  125  14:42  Medivac  
  125  14:45  Medivac  
  121  14:49  Marine  
  121  14:50  Marine x6  
  108  14:55  Marine x7  
  109  15:07  Marine x2  
  109  15:08  Marine x3  
  109  15:12  Medivac  
  109  15:14  Marauder  
  118  15:15  Medivac  
  120  15:22  Marine x3  
  120  15:23  Marine, Marauder x2  
  120  15:24  Liberator, Widow Mine x2  
  120  15:27  Liberator  
  137  15:51  Marine  
  137  15:53  Marine, Missile Turret  
  137  15:54  Marine x2  
  126  16:10  Marine  
  126  16:11  Marine x12  
  133  16:21  Liberator x2  
  135  16:29  Marauder  
  132  16:36  Orbital Command  
  126  17:13  Marine x2  
Show
View Real Time Build Order
Export as new Build Order

Sacrilege Zerg - Winner!

Build Orders: Hatch First, Muta Ling Bane 

Get SALT Encoding   

  12  0:02  Drone  
  13  0:13  Overlord  
  13  0:18  Drone  
  14  0:32  Drone x2  
  16  0:37  Drone  
  17  0:56  Hatchery  
  16  0:59  Drone  
  16  1:03  Drone  
  18  1:18  Spawning Pool  
  17  1:21  Drone  
  17  1:24  Drone  
  19  1:41  Drone, Extractor  
  19  1:55  Hatchery  
  19  2:01  Drone  
  19  2:08  Queen  
  19  2:14  Queen  
  23  2:25  Drone x2  
  23  2:26  Drone  
  23  2:27  Drone  
  27  2:30  Drone, Extractor  
  27  2:36  Overlord  
  27  2:45  Drone  
  28  2:56  Queen x2  
  32  3:07  Drone x2  
  32  3:08  Queen  
  36  3:16  Drone  
  36  3:17  Drone x2  
  39  3:26  Drone  
  40  3:27  Overlord  
  40  3:29  Drone  
  40  3:31  Metabolic Boost  
  41  3:42  Overlord  
  41  3:44  Drone  
  41  3:45  Extractor  
  41  3:53  Overlord  
  41  3:54  Drone x5  
  41  3:55  Drone  
  47  4:04  Baneling Nest  
  46  4:11  Drone x2  
  46  4:12  Drone x2  
  50  4:20  Pneumatized Carapace  
  51  4:24  Zergling x6  
  51  4:25  Zergling x8  
  51  4:26  Zergling x2  
  51  4:31  Overlord  
  58  4:38  Lair  
  58  4:48  Overlord  
  58  4:49  Overlord  
  58  4:52  Extractor x2  
  56  4:59  Drone  
  57  5:00  Drone x9  
  57  5:06  Overlord  
  66  5:12  Drone x2  
  66  5:13  Drone  
  69  5:14  Evolution Chamber  
  69  5:15  Evolution Chamber  
  69  5:16  Zergling x4  
  69  5:23  Overlord  
  69  5:28  Zergling x12  
  71  5:29  Baneling  
  71  5:30  Baneling  
  75  5:44  Spire, Zergling x14  
  75  5:45  Baneling  
  75  5:46  Baneling x3  
  81  5:54  Drone x3  
  81  5:55  Zergling x4  
  86  6:00  Zergling x2  
  86  6:01  Baneling x4  
  87  6:10  Zergling x2  
  85  6:22  Zergling x2  
  85  6:23  Zergling x16  
  86  6:30  Drone  
  86  6:31  Drone x2  
  89  6:35  Extractor  
  89  6:36  Extractor  
  89  6:38  Drone  
  89  6:39  Drone  
  89  6:41  Centrifical Hooks  
  89  6:42  Zerg Melee Weapons Level 1  
  89  6:43  Zerg Ground Armor Level 1  
  89  6:49  Drone  
  89  6:51  Overlord x3  
  90  6:58  Overlord  
  88  7:13  Mutalisk x3  
  83  7:20  Drone  
  83  7:21  Drone x8  
  92  7:23  Mutalisk  
  92  7:27  Zergling x2  
  92  7:28  Zergling x2  
  94  7:42  Zergling x2  
  94  7:43  Mutalisk  
  83  7:48  Zergling x2  
  81  7:52  Zergling x6  
  83  8:04  Mutalisk  
  83  8:05  Mutalisk  
  85  8:07  Zergling x2  
  85  8:08  Zergling x6  
  89  8:15  Baneling  
  89  8:16  Baneling x4  
  89  8:19  Zergling x6  
  92  8:29  Baneling  
  92  8:30  Baneling x5  
  92  8:32  Zergling x2, Drone  
  92  8:33  Zergling x2  
  95  8:36  Zergling x2  
  95  8:40  Zerg Flyer Weapons Level 1  
  96  8:43  Drone x2  
  96  8:46  Mutalisk  
  100  8:50  Zergling x2  
  100  8:51  Zergling x8  
  100  8:53  Baneling  
  100  8:54  Baneling x5  
  105  8:56  Hatchery  
  105  8:58  Zergling x2  
  105  8:59  Zergling x10  
  110  9:09  Mutalisk  
  110  9:10  Mutalisk  
  110  9:13  Drone  
  110  9:14  Drone  
  116  9:17  Overlord  
  116  9:28  Zerg Ground Armor Level 2, Zerg Melee Weapons Level 2  
  116  9:29  Zergling x2  
  116  9:30  Zergling x10  
  122  9:33  Baneling x3  
  122  9:50  Overlord  
  122  9:52  Mutalisk  
  122  9:53  Mutalisk x2  
  122  9:57  Zergling x2  
  122  9:58  Zergling x2  
  130  10:02  Overlord  
  130  10:07  Overlord x4  
  130  10:08  Overlord  
  130  10:14  Zergling x18  
  131  10:18  Overseer x2, Baneling  
  139  10:29  Extractor  
  139  10:32  Extractor  
  139  10:33  Mutalisk  
  139  10:34  Mutalisk x4  
  143  10:40  Zergling x14  
  143  10:42  Infestation Pit  
  141  10:58  Mutalisk  
  141  11:02  Mutalisk x3  
  141  11:03  Zergling x2  
  130  11:04  Zergling x16  
  130  11:06  Baneling  
  130  11:07  Baneling x3  
  130  11:10  Baneling  
  130  11:11  Baneling  
  138  11:12  Drone x3  
  138  11:13  Drone x2  
  138  11:14  Zergling x2  
  144  11:22  Mutalisk x2  
  147  11:27  Baneling  
  147  11:28  Baneling x3  
  144  11:38  Zergling x2  
  144  11:39  Zergling x22  
  139  11:41  Baneling  
  139  11:42  Baneling x9  
  139  11:45  Zergling x2  
  126  12:04  Zergling x2  
  126  12:05  Zergling x14  
  117  12:15  Zergling x6  
  116  12:22  Zergling x6  
  119  12:28  Baneling x14  
  118  12:34  Hive  
  118  12:40  Baneling x6  
  118  12:41  Baneling x4  
  118  12:44  Hatchery  
  117  12:45  Zergling x12  
  114  13:06  Baneling x8  
  114  13:07  Zergling x2  
  114  13:08  Zergling x18  
  124  13:14  Zergling x2  
  125  13:20  Overseer  
  125  13:22  Zergling x8  
  129  13:34  Extractor  
  127  13:35  Extractor  
  127  13:38  Mutalisk  
  127  13:39  Mutalisk x4  
  130  13:55  Mutalisk x3  
  117  13:56  Mutalisk  
  117  13:57  Zergling x6  
  117  13:58  Zergling x4  
  127  14:05  Mutalisk  
  127  14:06  Mutalisk  
  129  14:10  Zergling x2  
  129  14:11  Zergling x4  
  129  14:15  Baneling  
  129  14:16  Baneling x5  
  132  14:23  Baneling  
  132  14:24  Baneling x7  
  132  14:27  Zergling x2  
  132  14:30  Zergling x2  
  132  14:31  Zergling x2  
  133  14:51  Zergling x2  
  133  14:52  Zergling x16  
  137  14:57  Zergling x4  
  137  14:58  Zergling x2  
  135  15:03  Baneling  
  135  15:04  Baneling x3  
  135  15:09  Zergling x2  
  136  15:14  Drone x2  
  138  15:22  Zergling x4  
  138  15:26  Baneling x3  
  140  15:31  Extractor  
  139  15:38  Zergling x2  
  139  15:39  Zergling x12  
  146  15:44  Baneling  
  146  15:45  Baneling x7  
  146  16:07  Zergling x4  
  146  16:08  Zergling x8  
  152  16:17  Overlord x3  
  152  16:18  Overlord x2  
  152  16:31  Overlord x2  
  152  16:33  Baneling x12  
  152  16:34  Baneling  
  152  16:48  Zergling x2, Hatchery  
  152  16:49  Zergling x16  
  160  16:55  Overlord  
  160  17:04  Overlord  
  160  17:13  Baneling x7  
  160  17:14  Zergling x16  
Tags
 
Add a new tag
Caveats
  • Supply blocks, unpowered buildings, or Contaminate may cause inaccurate times.
  • Supply counts are checked every 10 seconds.